 Dungeon Crawl Stone Soup version 0.31-a0-618-g7ca08c1ff9 (webtiles) character file.

Game seed: 17635072618968246327

37 spiderkeys the Sneak (level 3, 0/19 HPs)
             Began as a Kobold Enchanter on Aug 22, 2023.
             Slain by an adder (4 damage)
             ... on level 2 of the Dungeon.
             The game lasted 00:01:16 (973 turns).

spiderkeys the Sneak (Kobold Enchanter)              Turns: 973, Time: 00:01:16

Health: 0/19       AC:  2    Str:  5    XL:     3   Next: 60%
Magic:  6/6        EV: 15    Int: 16    God:
Gold:   31         SH:  0    Dex: 17    Spells: 7/7 levels left

rFire   . . .        a - +1 dagger
rCold   . . .        (no shield)
rNeg    . . .        b - +0 robe
rPois   .            (no helmet)
rElec   .            (no cloak)
rCorr   .            (no gloves)
SInv    .            (no boots)
Will    .....        (no amulet)
Stlth   ++++         (no ring)
HPRegen 0.23/turn    (no ring)
MPRegen 0.10/turn

%: no passive effects
@: no status effects
A: small, no large weapons, nightstalker 3
a: no special abilities


You were on level 2 of the Dungeon.
You visited 1 branch of the dungeon, and saw 2 of its levels.

You collected 31 gold pieces.


Innate Abilities, Weirdness & Mutations

You are small and have problems with some larger weapons.
You are completely attuned to the shadows.


   Skills:
 + Level 2.2 Short Blades
 + Level 2.9 Dodging
 + Level 4.5 Stealth
 + Level 2.5 Spellcasting
 + Level 3.3 Hexes


You had 7 spell levels left.
You didn't know any spells.
Your spell library contained the following spells:

 Spells                   Type           Power      Damage    Failure   Level
 Ensorcelled Hibernation  Hex/Ice        14%        N/A       16%         2
 Confusing Touch          Hex            12%        N/A       16%         3
 Tukima's Dance           Hex            12%        N/A       16%         3
 Dazzling Flash           Conj/Hex       14%        N/A       30%         3

Inventory:

Hand Weapons
 a - a +1 dagger (weapon)
Missiles
 d - 16 stones
 g - 5 datura-tipped darts
Armour
 b - a +0 robe (worn)
Scrolls
 f - a scroll of fog {unknown}
 h - a scroll of immolation {unknown}
 i - a scroll of vulnerability {unknown}
Potions
 c - 2 potions of invisibility
 e - a potion of curing {unknown}

Dungeon Overview and Level Annotations

Branches:
Dungeon (2/15) Zot: 11037

Altars:

Shops:
D:1

( ... ..
##..#.##.##..
............# ##
#..S....#..# ...
##@#.###..##.##.
#.###..........
##.#..##.#>..##
#..#.##.#...#
###.......##.##
#...##.#####.#
#......# ###.###
#...#### #.....#
##.## #.....#


You could see an adder.


Message History

* * * LOW HITPOINT WARNING * * *
😨 HP[-4]
You take 4 damage, and now have 6/19 hp.
MASSIVE DAMAGE!! (PAUSE)
You hit the worm. You barely miss the worm. The worm completely misses you.
You hit the worm. 😨 HP[+1]
You hit the worm. The worm completely misses you.
You hit the worm. You hit the worm. You punch the worm, but do no damage.
The worm misses you.
You hit the worm but do no damage. The worm closely misses you.
You hit the worm. 😨 HP[+1]
You hit the worm.
You kill the worm!
An adder comes into view. 😨 HP[+1]
You start resting. 😎 HP[+10]
Your hp is fully restored (19).
No target in view!
No target in view!
No target in view!
The adder hisses angrily.
The adder bites you. The adder misses you. 😕 HP[-1]
You take 1 damage, and now have 18/19 hp.
You hit the adder. The adder misses you. 😎 HP[+1]
Your hp is fully restored (19).
You barely miss the adder. The adder completely misses you.
You hit the adder. The adder barely misses you.
You miss the adder. The adder closely misses you.
You closely miss the adder. The adder completely misses you.
The adder barely misses you.
You barely miss the adder. The adder bites you. 😕 HP[-2]
You take 2 damage, and now have 17/19 hp.
You hit the adder. The adder bites you but does no damage.
You closely miss the adder. The adder bites you but does no damage.
You barely miss the adder. The adder closely misses you.
You hit the adder. The adder bites you. The adder barely misses you. 😕 HP[-1]
You take 1 damage, and now have 16/19 hp.
You miss the adder. The adder barely misses you. 😕 HP[+1]
You barely miss the adder. The adder completely misses you.
You closely miss the adder. The adder misses you.
You hit the adder. The adder closely misses you.
You barely miss the adder. The adder bites you but does no damage.
You miss the adder. The adder closely misses you. 😕 HP[+1]
You closely miss the adder. The adder closely misses you.
The adder barely misses you.
You closely miss the adder. The adder misses you.
You closely miss the adder. The adder closely misses you.
You miss the adder. The adder barely misses you. 😎 HP[+1]
Your hp is fully restored (19).
You closely miss the adder. The adder closely misses you.
You hit the adder.
You kill the adder!
No target in view!
No target in view!
An adder comes into view.
The adder hisses angrily.
An adder is nearby!
An adder is nearby!
An adder is nearby!
The adder completely misses you.
You hit the adder. The adder closely misses you.
You closely miss the adder. The adder bites you. x2
You are poisoned.
The adder poisons you! 😕 HP[-4]
You take 4 damage, and now have 15/19 hp.
MASSIVE DAMAGE!! (PAUSE)
You hit the adder but do no damage.
You feel sick. The adder misses you. 😮 HP[-2]
You take 2 damage, and now have 13/19 hp.
You closely miss the adder.
You feel sick. The adder bites you. 😮 HP[-3]
You take 3 damage, and now have 10/19 hp.
You closely miss the adder.
You feel sick. The adder misses you.
You barely miss the adder.
You feel sick. The adder misses you. 😨 HP[-1]
You take 1 damage, and now have 9/19 hp.
You completely miss the adder.
You feel sick. The adder barely misses you. 😨 HP[-1]
You take 1 damage, and now have 8/19 hp.
You barely miss the adder.
You feel sick. The adder bites you.
* * * LOW HITPOINT WARNING * * *
The adder completely misses you. 😨 HP[-3]
You take 3 damage, and now have 5/19 hp.
You closely miss the adder.
You feel sick.
You are no longer poisoned.
The adder bites you.
You die...

Skill      XL: |  1  2 |
---------------+-------+-----
Short Blades   | 2 |  2.2
Dodging        | |  2.9
Stealth        | |  4.5
Spellcasting   | |  2.5
Hexes          | |  3.3

Action                     || total
---------------------------++-------
  Melee: Dagger            ||   113
         Punch             ||     1
   Stab: Sleeping          ||    10
 Armour: Robe              ||    10
  Dodge: Dodged            ||    79

Levels and vault maps discovered:
D:1:      onia_arrival_pentagram, layout_basic, serial_forest,
          infiniplex_forest_lined_room_3, infiniplex_forest_end_3,
          infiniplex_forest_lined_4_way, infiniplex_forest_clump_tiny,
          infiniplex_forest_zigzag_1, infiniplex_forest_clump_tiny,
          infiniplex_forest_straight_3, infiniplex_forest_lined_room_3,
          infiniplex_forest_straight_2, serial_shops, nicolae_square_shop
D:2:      layout_loops_cross, dreamdust_ecumenical_altar_hidden_monk_grotto,
          uniq_sigmund, uniq_robin

Notes
Turn   | Place    | Note
-------+----------+-------------------------------------------
     0 | D:1      | spiderkeys the Kobold Enchanter began the quest for the
                  | Orb.
     0 | D:1      | Reached XP level 1. HP: 10/10 MP: 3/3
     0 | D:1      | magus.rc [v1.11.6]
   155 | D:1      | Reached XP level 2. HP: 15/15 MP: 5/5
   169 | D:1      | Found Nudaohuk's Antique Weapon Shop.
   493 | D:1      | Reached skill level 2 in Short Blades
   631 | D:1      | Reached XP level 3. HP: 19/19 MP: 6/6
   973 | D:2      | HP: 4/19 [poisoned by an adder]
   973 | D:2      | Slain by an adder

Vanquished Creatures
  An adder (D:2)
  A worm (D:2)
  A dart slug (D:1)
  An endoplasm (D:1)
  3 giant cockroaches (D:1)
  A goblin (D:1)
  A hobgoblin (D:1)
  2 quokkas (D:1)
  2 ball pythons (D:1)
  2 bats (D:1)
  2 frilled lizards (D:1)
  4 kobolds (D:1)
  4 rats (D:1)
25 creatures vanquished.

Table legend:
 A = Non-vault XP
 B = Vault XP
 C = Vault XP percentage of total XP
 D = Non-vault monster count
 E = Vault monster count
 F = Vault count percentage of total count
                 A         B        C        D         E       F
            +---------+---------+-------+---------+---------+-------
      Total |      53 |       0 |   0.0 |      25 |       0 |   0.0
            +---------+---------+-------+---------+---------+-------
        D:1 |      35 |       0 |   0.0 |      23 |       0 |   0.0
        D:2 |      18 |       0 |   0.0 |       2 |       0 |   0.0
            +---------+---------+-------+---------+---------+-------

Skill      XL: |  1  2 |
---------------+-------+-----
Short Blades   | 2 |  2.2
Dodging        | |  2.9
Stealth        | |  4.5
Spellcasting   | |  2.5
Hexes          | |  3.3

Action                     || total
---------------------------++-------
  Melee: Dagger            ||   113
         Punch             ||     1
   Stab: Sleeping          ||    10
 Armour: Robe              ||    10
  Dodge: Dodged            ||    79

Illustrated notes

Table legend:
 A = Kills in this place as a percentage of kills in the entire game.
 B = Kills by you in this place as a percentage of kills by you in the entire game.
 C = Kills by friends in this place as a percentage of kills by friends in the entire game.
 D = Other kills in this place as a percentage of other kills in the entire game.
 E = Experience gained in this place as a percentage of experience gained in the entire game.
 F = Experience gained in this place divided by the number of levels of this place that you have seen.
                   A       B       C       D       E      F
               +-------+-------+-------+-------+-------+----------------------
         Total | 100.0 | 100.0 |   N/A |   N/A | 100.0 |  26.5
       Dungeon | 100.0 | 100.0 |   N/A |   N/A | 100.0 |  26.5
               +-------+-------+-------+-------+-------+----------------------

Table legend: (Time is in decaauts)
 A = Elapsed time spent in this place.
 B = Non-inter-level travel time spent in this place.
 C = Inter-level travel time spent in this place.
 D = Time resting spent in this place.
 E = Time spent auto-exploring this place.
 F = Levels seen in this place.
 G = Mean time per level.
                   A        B        C        D        E       F      G
               +--------+--------+--------+--------+--------+-----+--------+
         Total |    962 |    925 |     37 |     44 |    691 |   2 |  481.0 |
       Dungeon |    962 |    925 |     37 |     44 |    691 |   2 |  481.0 |
               +--------+--------+--------+--------+--------+-----+--------+

Top non-repeatable levels by time:
     D:1: 842 daAuts
     D:2: 119 daAuts
